Unix NetHack Version 5.0.0-0 post-release - last build Jul 19 2026 19:10:59 (3aa4ab31751d3886436d94b585a96704892fd477,branch:main).

Game began 2026-07-29 00:28:47, ended 2026-07-29 04:10:10.

IanCurtis, chaotic male elven Wizard

                                 ---
                          --------.---   ------              -------    ----
                         --..........|   |....---            |.....|    |..--
                         |...........#####.|....--------------.|...--   |-..--
                         --.........--   |.|---.....--.........|....|   |....|
                          |.--.....-- ----.|  ----.....----------.|.-- ---...--
                           ----....-- |..^.|     |.....|        |.|..|--......|
                              |.....---.-------------.--        |.|-.||......--
                   n          ---^.......--.--)|.-- ---         |.||.||.....--
                                |-..-----.^.......|             |.||(||..----
             .>..H.|          ---...-----[........----          |.||.-|.--
            .......|  ---------...--...|.............|          |.||..|.|
           ...:sf..----...*...*.-----.|....).........|         --.||....|
           ...@.........-----..#####)##))..)<........--        |..-|....|
           -.......------   #..|      ---..--..--.....|        |...|-...|
            ---.....       `--.|       --..| ----....--        --..||..--
              |.....         --        |..--   |.....|          --------
                                       |..|    |-....|
                                       ----    |.....|
                                               --.----
                                                ---
IanCurtis the Thaumaturge  St:9 Dx:13 Co:16 In:20 Wi:13 Ch:10  Chaotic
Dlvl:10 $:36 HP:0(54) Pw:54(86) AC:6  Xp:8 T:4703  Burdened

Latest messages:
 You swap places with your kitten.
 You swap places with your kitten.
 You swap places with your kitten.
 What do you want to use or apply? [cdk-osAPT or ?*] d
 You now wield an uncursed rusty pick-axe.
 In what direction do you want to dig? [hylnb>] h
 You start digging.  You hit the rock with all your might.  You make an opening in the wall.
 You swap places with your kitten.
 You start digging.  You hit the rock with all your might.  You succeed in cutting away some rock.
 You start digging.  You hit the rock with all your might.  You succeed in cutting away some rock.
 What do you want to wield? [- adF or ?*] a
 a - a blessed +1 quarterstaff (weapon in hands).
 You swap places with your kitten.
 You see here 26 rocks.
 The kitten picks up a rock.
 The kitten drops a rock.
 The giant spider bites!
 You hit the giant spider!  The giant spider bites!  The giant spider bites!
 In what direction? u
 The spell hits the giant spider!  The spell hits the gnome!  You kill the gnome!  The giant spider bites!
 Restoring save file...
 Hello IanCurtis, the elven Wizard, welcome back to NetHack!
 You are lucky!  Full moon tonight.
 Your movements are slowed slightly because of your load.
 In what direction? u
 The spell misses the giant spider.
 The giant spider bites!
 In what direction? u
 The spell misses the giant spider.
 The spell misses the stone giant.
 The giant spider bites!
 The giant spider bites!
 The giant spider bites!
 The giant spider's bite was poisoned!
 Wizard, your life force is running out.
 In what direction? .
 You feel better.
 The crocodile bites!
 The crocodile hits!
 The giant spider bites!
 The giant spider's bite was poisoned!
 You die...
 Do you want your possessions identified? [ynq] (y) q

Inventory:
 Coins    ('$')
  $ - 36 gold pieces
 Weapons  (')')
  F - the +0 Sting
  a - a blessed +1 quarterstaff (weapon in hands)
 Armor    ('[')
  O - an uncursed +0 helm of brilliance (being worn)
  r - an uncursed +0 pair of gauntlets of dexterity (being worn)
  v - an uncursed +0 pair of elven boots (being worn)
  b - an uncursed +0 cloak of magic resistance (being worn)
 Comestibles  ('%')
  w - an uncursed cram ration
  G - 4 uncursed tripe rations
 Scrolls  ('?')
  y - an uncursed scroll of blank paper
  D - an uncursed scroll of create monster
  S - a blessed scroll of enchant armor
  i - an uncursed scroll of enchant armor
  t - a cursed scroll of enchant armor
  j - a blessed scroll of food detection
  Q - an uncursed scroll of food detection
  V - a blessed scroll of identify
  u - a cursed scroll of teleportation
 Spellbooks  ('+')
  l - a blessed spellbook of force bolt
  m - an uncursed spellbook of healing
 Potions  ('!')
  q - an uncursed potion of extra healing
  W - an uncursed potion of full healing
  g - an uncursed potion of gain ability
  U - a blessed potion of healing
  p - 2 uncursed potions of healing
  z - an uncursed potion of paralysis
  h - an uncursed potion of see invisible
  f - 2 uncursed potions of water
 Rings    ('=')
  N - an uncursed ring of cold resistance
  R - an uncursed ring of free action
  L - a cursed ring of hunger
  e - an uncursed ring of polymorph
 Wands    ('/')
  T - a wand of magic missile (0:5)
  s - a wand of nothing (0:12)
  c - a wand of secret door detection (0:12)
 Tools    ('(')
  o - an uncursed tooled horn
  k - an uncursed lock pick
  P - an uncursed magic lamp named magic (lit)
  n - a magic marker (0:20)
  A - an uncursed magic whistle
  d - a rusty +0 pick-axe

IanCurtis the Wizard's attributes:

Background:
 You were a Thaumaturge, a level 8 male elven Wizard.
 You were chaotic, on a mission for Anhur
 who was opposed by Ptah (lawful) and Thoth (neutral).
 You were right-handed.
 You were in the Gnomish Mines, on level 10.
 You entered the dungeon 4703 turns ago.
 It was nighttime.
 There was a full moon in effect when your adventure ended.
 You had 1486 experience points, 1074 more were needed to attain level 9.

Basics:
 You had 0 out of 54 hit points.
 You had 54 out of 86 energy points (spell power).
 Your armor class was 6.
 Your wallet contained 36 zorkmids.
 Autopickup was off.

Final Characteristics:
 Your strength was 9 (limit:18).
 Your dexterity was 13 (limit:18).
 Your constitution was 16 (limit:16).
 Your intelligence was 20 (limit:20).
 Your wisdom was 13 (limit:20).
 Your charisma was 10 (limit:18).

Final Status:
 You weren't hungry.
 You were burdened; movement was slightly slowed.
 You were wielding a quarterstaff.
 You were skilled in quarterstaff.

Final Attributes:
 You were piously aligned.
 You were magic-protected.
 You were sleep resistant.
 You had infravision.
 You were stealthy.
 You were warded.
 You were lucky.
 You are dead.

Miscellaneous:
 You didn't encounter any bones levels.
 Total elapsed playing time was 2 hours, 1 minute and 50 seconds.

Major events:
 Turn
    1: IanCurtis the chaotic male elven Wizard entered the dungeon
  999: attained the rank of Conjurer (level 3)
 1554: entered the Gnomish Mines
 2029: attained the rank of Thaumaturge (level 6)
 3248: reached Mine Town
 3996: chose an elven dagger to be named "Sting"
 4703: killed by a giant spider

Spells:
 Name                 Level Category     Fail Retention
 force bolt             1   attack         0%   76%-80%
 healing                1   healing        0%  76%-100%

Skills:
 Fighting Skills
   bare handed combat [Unskilled]
   riding             [Unskilled]
 Weapon Skills
   dagger             [Unskilled]
   knife              [Unskilled]
   axe                [Unskilled]
   short sword        [Unskilled]
   club               [Unskilled]
   mace               [Unskilled]
   quarterstaff       [Skilled]
   polearms           [Unskilled]
   spear              [Unskilled]
   trident            [Unskilled]
   sling              [Unskilled]
   dart               [Unskilled]
   shuriken           [Unskilled]
 Spellcasting Skills
   attack spells      [Skilled]
   healing spells     [Unskilled]
   divination spells  [Unskilled]
   enchantment spells [Basic]
   clerical spells    [Unskilled]
   escape spells      [Unskilled]
   matter spells      [Unskilled]

Voluntary challenges:
 Character rerolling was not enabled.
 You never genocided any monsters.
 You never polymorphed an object.
 You never changed form.
 You used no wishes.
Achievements:
 You entered a shop.
 You attained the rank of Conjurer.
 You entered the Gnomish Mines.
 You attained the rank of Thaumaturge.
 You entered Minetown.
 You entered a temple.

 The Dungeons of Doom: levels 1 to 3
    Level 1: "vault"
    Level 2:
       A fountain.
    Level 3:
       A general store.
       Stairs down to The Gnomish Mines.
 The Gnomish Mines: levels 4 to 10
    Level 4:
    Level 5:
    Level 6:
    Level 7:
       Many shops, a temple and an altar, some fountains.
    Level 8:
    Level 9:
    Level 10: <- You were here.
       Final resting place for
          you, killed by a giant spider.


Vanquished creatures:
  a warg
  3 small mimics
  3 giant spiders
  a black light
  3 gnome rulers
  a lizard
  2 dwarf leaders
  a snake
  a fire ant
  3 rock moles
  9 gnome leaders
  4 gnomish wizards
  a baby crocodile
  2 little dogs
  a kitten
 12 dwarves
  8 hill orcs
  a rabid rat
  a giant bat
  a monkey
  a wererat
  2 iguanas
 an acid blob
  2 hobbits
  a hobgoblin
  a yellow mold
 34 gnomes
  a gecko
  5 jackals
  3 goblins
  2 sewer rats
  6 grid bugs
  3 bats
  3 lichens
  3 newts
127 creatures vanquished.

No species were genocided or became extinct.

Game over:
                       ----------
                      /          \
                     /    REST    \
                    /      IN      \
                   /     PEACE      \
                  /                  \
                  |    IanCurtis     |
                  |      36 Au       |
                  |   killed by a    |
                  |   giant spider   |
                  |                  |
                  |                  |
                  |       2026       |
                 *|     *  *  *      | *
        _________)/\\_//(\/(/\)/\//\/|_)_______

Goodbye IanCurtis the Wizard...

You died in The Gnomish Mines on dungeon level 10 with 6447 points,
and 36 pieces of gold, after 4703 moves.
You were level 8 with a maximum of 54 hit points when you died.

